 Dungeon Crawl Stone Soup version 0.31-a0-1611-g890cdf5628 (webtiles) character file.

Game seed: 3201152203250454770

88575 Midn8 the Victor of a Thousand Battles (level 15, -1/119 HPs)
             Began as a Gnoll Hexslinger on Jan 5, 2024.
             Was the Champion of Okawaru.
             Slain by a boulder beetle (30 damage)
             ... on level 15 of the Dungeon on Jan 8, 2024.
             The game lasted 01:36:44 (27818 turns).

Midn8 the Victor of a Thousand Battles (GnHs)      Turns: 27818, Time: 01:36:45

Health: -1/119     AC: 36    Str: 18    XL:     15   Next: 94%
Magic:  20/30      EV: 12    Int: 20    God:    Okawaru [******]
Gold:   1453       SH:  0    Dex: 14    Spells: 21/36 levels left

rFire   + . .        c - +2 hand cannon of the Scavenger {heavy, rElec rC+ Int+4}
rCold   + . .        o - orb "Imuog" {light, Will+ Str+8 Int-2}
rNeg    . . .        u - +7 shadow dragon scales "Jicop" {rF+ Stlth++++}
rPois   +            (no helmet)
rElec   +            f - +1 cloak
rCorr   .            m - +0 pair of gloves
SInv    .            q - +0 pair of boots of Qeiracu {rPois}
Will    ++...        y - amulet of faith
Stlth   +++          e - +4 ring of protection
HPRegen 0.39/turn    n - +4 ring of protection
MPRegen 0.22/turn

%: faith
@: glowing
A: fangs 1, strong nose, distributed training
a: Renounce Religion, Heroism, Finesse, Duel, Receive Armour


You were on level 15 of the Dungeon.
You worshipped Okawaru.
Okawaru was exalted by your worship.
You visited 4 branches of the dungeon, and saw 23 of its levels.
You visited the Abyss 1 time.
You also visited: Ossuary.

You collected 2404 gold pieces.
You spent 951 gold pieces at shops.

Inventory:

Hand Weapons
 a - the +6 hand cannon of the Scuffed God {heavy, Fly rCorr Stlth+}
   (You acquired it on level 9 of the Dungeon)

   Fly:       It grants you flight.
   rCorr:     It protects you from acid and corrosion.
   Stlth+:    It makes you more stealthy.
 b - a +2 demon whip of venom
 c - the +2 hand cannon of the Scavenger (weapon) {heavy, rElec rC+ Int+4}
   (You bought it in a shop on level 2 of the Orcish Mines)

   Int+4:     It affects your intelligence (+4).
   rC+:       It protects you from cold.
   rElec:     It insulates you from electricity.
Missiles
 i - 47 poisoned darts
 l - 8 silver javelins
 C - 6 curare-tipped darts
 H - 12 boomerangs
 N - 10 javelins
 R - 9 atropa-tipped darts
 W - a throwing net
 Y - 2 datura-tipped darts
Armour
 f - a +1 cloak (worn)
 m - a +0 pair of gloves (worn)
 o - the orb "Imuog" (worn) {light, Will+ Str+8 Int-2}
   (You found it in an ossuary)

   Str+8:     It affects your strength (+8).
   Int-2:     It affects your intelligence (-2).
   Will+:     It increases your willpower.
 q - the +0 pair of boots of Qeiracu (worn) {rPois}
   (You bought it in a shop on level 2 of the Orcish Mines)

   rPois:     It protects you from poison
 u - the +7 shadow dragon scales "Jicop" (worn) {rF+ Stlth++++}
   (You took it off a wight on level 9 of the Dungeon)

   rF+:       It protects you from fire.
   Stlth++++: It makes you much more stealthy.
Jewellery
 e - a +4 ring of protection (left hand)
 n - a +4 ring of protection (right hand)
 y - an amulet of faith (around neck)
 B - a ring of poison resistance
 G - a ring of willpower
Wands
 h - a wand of mindburst (8)
 I - a wand of digging (4)
 K - a wand of roots (15)
 Q - a wand of acid (8)
 X - a wand of paralysis (19)
Scrolls
 d - 5 scrolls of noise
 g - 5 scrolls of revelation
 p - a scroll of fog
 r - a scroll of silence
 s - 2 scrolls of identify
 t - 2 scrolls of vulnerability
 x - a scroll of enchant armour
 z - 5 scrolls of amnesia
 A - 5 scrolls of teleportation
 M - 7 scrolls of blinking
 T - 2 scrolls of poison
 V - 6 scrolls of fear
Potions
 j - a potion of berserk rage
 k - 7 potions of brilliance
 v - a potion of invisibility
 w - 6 potions of curing
 D - 4 potions of haste
 E - 2 potions of might
 F - 6 potions of attraction
 J - 4 potions of enlightenment
 L - 2 potions of lignification
 O - 3 potions of heal wounds
 P - 2 potions of cancellation
 S - a potion of magic
 U - 2 potions of mutation
 Z - a potion of resistance


   Skills:
 + Level 11.2 Fighting
 + Level 10.8 Short Blades
 + Level 10.8 Long Blades
 + Level 10.8 Axes
 + Level 10.8 Maces & Flails
 + Level 10.8 Polearms
 + Level 10.8 Staves
 + Level 11.7 Ranged Weapons
 + Level 10.8 Throwing
 + Level 10.8 Armour
 + Level 11.7 Dodging
 + Level 10.8 Stealth
 + Level 10.8 Shields
 + Level 10.8 Unarmed Combat
 + Level 11.2 Spellcasting
 + Level 9.1 Conjurations
 + Level 10.6 Hexes
 + Level 9.1 Summonings
 + Level 9.1 Necromancy
 + Level 9.1 Translocations
 + Level 9.4 Fire Magic
 + Level 9.1 Ice Magic
 + Level 9.1 Air Magic
 + Level 9.1 Earth Magic
 + Level 9.1 Alchemy
 + Level 11.8 Invocations
 + Level 10.8 Evocations
 + Level 10.0 Shapeshifting


You had 21 spell levels left.
You knew the following spells:

 Your Spells              Type           Power      Damage    Failure   Level
b - Jinxbite              Hex            100%       N/A       1%          2
e - Cause Fear            Hex            26%        N/A       6%          4
f - Inner Flame           Hex/Fire       51%        N/A       2%          3
s - Sigil of Binding      Hex            52%        N/A       1%          3
S - Swiftness             Air            47%        N/A       3%          3

Your spell library contained the following spells:

 Spells                   Type           Power      Damage    Failure   Level
 Kiss of Death            Conj/Necr      100%       2d13      1%          1
 Shock                    Conj/Air       100%       1d9       1%          1
 Cigotuvi's Dreadful Rot  Necr/Alch/Air  94%        N/A       1%          2
 Ensorcelled Hibernation  Hex/Ice        100%       N/A       1%          2
 Sublimation of Blood     Necr           47%        N/A       1%          2
 Hailstorm                Conj/Ice       47%        3d10      3%          3
 Mephitic Cloud           Conj/Alch/Air  47%        N/A       3%          3
 Passwall                 Erth           47%        N/A       3%          3
 Dimensional Bullseye     Hex/Tloc       25%        N/A       9%          4
 Ignite Poison            Fire/Alch      48%        N/A       11%         4
 Airstrike                Air            23%        2d(4-20)  12%         4
 Leda's Liquefaction      Alch/Erth      23%        N/A       12%         4
 Silence                  Hex/Air        25%        N/A       24%         5
 Freezing Cloud           Conj/Ice/Air   23%        6-21      32%         5
 Lee's Rapid Deconstruct  Erth           23%        3d13*     32%         5
 Bombard                  Conj/Erth      23%        9d4       87%         6
 Conjure Ball Lightning   Conj/Air       23%        3x3d6     87%         6
 Discord                  Hex            26%        N/A       100%        8
 Disjunction              Tloc           23%        N/A       100%        8
 Call Imp                 Summ           Unusable   N/A       N/A         2
 Summon Ice Beast         Ice/Summ       Unusable   N/A       N/A         3
 Summon Lightning Spire   Summ/Air       Unusable   N/A       N/A         4
 Sculpt Simulacrum        Ice/Alch       Unusable   N/A       N/A         6
 Summon Hydra             Summ           Unusable   N/A       N/A         7

Dungeon Overview and Level Annotations

Branches:
Dungeon (15/15)            Temple (1/1) D:4            Lair (5/5) D:9
  Swamp (0/4) Lair:2       Spider (0/4) Lair:3        Slime (0/5) Lair:4
    Orc (2/2) D:9             Elf (0/3) Orc:2        Vaults (0/5) D:14
Ossuary (visited)
 Depths: D:15

Altars:
Ashenzari
Cheibriados
Dithmenos
Elyvilon
Fedhas
Gozag
Hepliaklqana
Kikubaaqudgha
Makhleb
Nemelex Xobeh
Okawaru
Qazlal
Ru
Sif Muna
Trog
Uskayaw
Vehumet
Wu Jian
Xom
Yredelemnul
Zin
The Shining One
Jiyva

Shops:
D:2 ?   D:3 !   D:5 :   Orc:2 !(!*

Portals:
Hell: Lair:5
Abyss: Lair:5

Annotations:
D:7 exclusion: door
D:8 2 transporters, 3 runed translucent doors, Jeremiah; alsoq's ghost, novice MiFi
Lair:5 2 transporters, lunkers's ghost, journeyman DjAl


Innate Abilities, Weirdness & Mutations

You have very sharp teeth.
Your uncanny sense of smell can sniff out nearby items.
Your experience applies equally to all skills.


Message History

The cyan ugly thing engulfs you. The cyan ugly thing shocks you. You resist.
The cyan ugly thing engulfs you but does no damage.
Fire: c) +2 hand cannon of the Scavenger {heavy, rElec rC+ Int+4}
Press: ? - help, Q - select action, (/) - cycle Shift-Dir - straight line, f/p - cyan ugly thing
Aim: a cyan ugly thing (magical condensation, moderately wounded, haloed, 84% to hit)
You shoot a bolt. The bolt hits the cyan ugly thing.
The cyan ugly thing is moderately wounded.
The cyan ugly thing engulfs you! The cyan ugly thing shocks you. You resist.
* * * LOW HITPOINT WARNING * * *
The cyan ugly thing engulfs you.
* * * LOW HITPOINT WARNING * * *
The cyan ugly thing shocks you. You resist.
* * * LOW HITPOINT WARNING * * *
The cyan ugly thing barely misses you.
Casting: Cause Fear (dangerous; 6% risk of failure)
Confirm with . or Enter, or press ? or * to list all spells.
Casting: Cause Fear (dangerous; 6% risk of failure)
Press: ? - help, Dir - look around, f - activate The cyan ugly thing resists with almost no effort.
The boulder beetle resists with almost no effort.
The cyan ugly thing engulfs you but does no damage.
Unknown command.
Unknown command.
Casting: Cause Fear (dangerous; 6% risk of failure)
Confirm with . or Enter, or press ? or * to list all spells.
Casting: Cause Fear (dangerous; 6% risk of failure)
Press: ? - help, Dir - look around, f - activate The cyan ugly thing looks frightened!
The boulder beetle looks frightened!
The boulder beetle leaps!
Unknown command.
The boulder beetle leaps!
The boulder beetle leaps!
The boulder beetle curls into a ball and begins rolling!
Casting: Cause Fear (dangerous; 6% risk of failure)
Confirm with . or Enter, or press ? or * to list all spells.
Casting: Cause Fear (dangerous; 6% risk of failure)
Press: ? - help, Dir - look around, f - activate The boulder beetle resists with almost no effort.
The boulder beetle hits you!!
You die...

#.....###.##.#..######
#.........###.........
#.....#.............##
#.....#.##.#.....#..#
###.###.##.#.....#..#
#.# #........[....##
#.# #..#.#............
#.# #..#.#.....#......
#.###@B○°°.....#..# #.
#.#...............# #.
#.#............##.# #.
#.#...[...........###.
#.........#...###.....
#.........##.## #.###.
#.........##.####.....
#..............!...<..
#.......####<.........


You could see a boulder beetle (rolling).

Vanquished Creatures
  Rupert (D:15)
  Kirke (Lair:3)
  Louise (D:15)
  An orc warlord (Orc:2)
  A very ugly thing (D:15)
  A dire elephant (Lair:5)
  Snorg (D:11)
  A rakshasa (D:15)
  5 hydras
  2 boulder beetles
  A catoblepas (Lair:5)
  5 two-headed ogres
  Erica (D:8)
  An occultist (Lair:5)
  3 orc high priests
  11 death yaks
  A deep troll earth mage (D:14)
  A sixfirhy (Lair:5)
  A skeletal warrior (D:9)
  2 skysharks
  2 lindwurms (Lair:5)
  3 deep elf pyromancers
  5 orc knights
  5 ugly things
  5 orc sorcerers
  5 oklob plants (Lair:4)
  2 manticores
  6 cyclopes
  11 elephants
  3 kobold blastminers
  6 black mambas
  5 orange demons (Lair:5)
  A smoke demon (Lair:5)
  8 cane toads
  An unseen horror zombie (D:8)
  8 komodo dragons
  6 rime drakes
  An efreet (D:15)
  2 polar bears
  A red devil (Lair:5)
  7 trolls
  16 blink frogs
  2 hornets
  6 meliai zombies (D:9)
  15 slime creatures
  5 vampires
  A water elemental (D:13)
  A centaur simulacrum (D:14)
  A shadow (D:9)
  6 wyverns
  6 wraiths
  6 hogs (Lair:4)
  54 yaks
  A human (Lair:3)
  3 wargs
  4 redbacks (Lair:3)
  8 vampire mosquitoes
  4 basilisks
  4 steam dragons
  An acid dragon (D:13)
  Duvessa (D:4)
  16 water moccasins
  3 hell hounds (Lair:5)
  10 orc warriors
  A sky beast (D:7)
  2 ogres (Orc:1)
  8 wolves (Lair:2)
  11 centaurs
  6 phantoms (D:9)
  2 kobold brigands
  15 bullfrogs
  3 gnoll sergeants
  A water moccasin zombie (Ossuary)
  A wyvern zombie (D:8)
  A scorpion (D:5)
  4 wights
  Dowan (D:4)
  16 killer bees (D:9)
  4 howler monkeys
  7 electric eels
  3 bombardier beetles
  A bullfrog zombie (Ossuary)
  6 centaur zombies
  14 orc priests
  2 hounds
  5 jellies
  A scorpion zombie (Ossuary)
  Ijyb (D:5)
  A sleepcap (D:6)
  An iguana (D:5)
  23 orc wizards
  An ogre zombie (Ossuary)
  21 gnolls
  3 adders
  2 shadow imps (D:4)
  5 white imps
  2 ufetubi (D:6)
  5 adder zombies (Ossuary)
  A ribbon worm (D:4)
  2 dart slugs
  50 orcs
  6 ball pythons
  19 endoplasms
  4 giant cockroaches
  5 goblins
  9 hobgoblins
  4 jackals (D:4)
  5 quokkas
  8 bats
  4 frilled lizards
  3 gnoll zombies (Ossuary)
  6 goblin zombies
  2 hobgoblin zombies (Ossuary)
  13 kobolds
  6 orc zombies (Ossuary)
  6 rats
  A rat zombie (D:4)
643 creatures vanquished.

Notes
Turn   | Place    | Note
-------+----------+-------------------------------------------
     0 | D:1      | Midn8 the Gnoll Hexslinger began the quest for the Orb.
     0 | D:1      | Reached XP level 1. HP: 17/17 MP: 4/4
   120 | D:1      | Reached XP level 2. HP: 23/23 MP: 5/5
   773 | D:2      | Reached XP level 3. HP: 28/28 MP: 7/7
   774 | D:2      | Reached skill level 1 in Invocations
   781 | D:2      | Learned a level 2 spell: Jinxbite
   785 | D:2      | Learned a level 3 spell: Sigil of Binding
   818 | D:2      | Reached skill level 1 in Short Blades
   818 | D:2      | Reached skill level 1 in Long Blades
   818 | D:2      | Reached skill level 1 in Axes
   818 | D:2      | Reached skill level 1 in Maces & Flails
   818 | D:2      | Reached skill level 1 in Polearms
   818 | D:2      | Reached skill level 1 in Staves
   818 | D:2      | Reached skill level 1 in Throwing
   818 | D:2      | Reached skill level 1 in Armour
   818 | D:2      | Reached skill level 1 in Stealth
   818 | D:2      | Reached skill level 1 in Shields
   818 | D:2      | Reached skill level 1 in Unarmed Combat
   818 | D:2      | Reached skill level 1 in Evocations
   912 | D:2      | Reached skill level 1 in Shapeshifting
   912 | D:2      | Reached XP level 4. HP: 34/34 MP: 3/8
  1007 | D:2      | Reached skill level 1 in Conjurations
  1007 | D:2      | Reached skill level 1 in Summonings
  1007 | D:2      | Reached skill level 1 in Necromancy
  1007 | D:2      | Reached skill level 1 in Translocations
  1007 | D:2      | Reached skill level 1 in Ice Magic
  1007 | D:2      | Reached skill level 1 in Air Magic
  1007 | D:2      | Reached skill level 1 in Earth Magic
  1007 | D:2      | Reached skill level 1 in Alchemy
  1107 | D:2      | Found Teby's Magic Scroll Emporium.
  1110 | D:2      | Bought a scroll of identify for 26 gold pieces
  1181 | D:2      | Reached XP level 5. HP: 40/40 MP: 9/9
  1467 | D:3      | Found Voesotz's Distillery.
  1585 | D:3      | Found an ancient bone altar of Kikubaaqudgha.
  1702 | D:3      | Bought a potion of curing for 42 gold pieces
  1735 | D:3      | Found a faded altar of an unknown god.
  1932 | D:2      | Bought a scroll of teleportation for 39 gold pieces
  2307 | D:4      | Found a sand-covered staircase.
  2323 | Ossuary  | Entered an ossuary
  2579 | Ossuary  | Reached skill level 5 in Ranged Weapons
  2579 | Ossuary  | Reached skill level 5 in Dodging
  2579 | Ossuary  | Reached XP level 6. HP: 34/47 MP: 11/11
  2807 | Ossuary  | Reached XP level 7. HP: 33/51 MP: 12/12
  2924 | Ossuary  | Noticed a silent spectre
  2929 | Ossuary  | Identified the orb "Imuog" {light, Will+ Str+8 Int-2}
  3339 | D:4      | Noticed Dowan
  3587 | D:4      | Noticed Duvessa
  3601 | D:4      | Killed Duvessa
  3605 | D:4      | Killed Dowan
  3751 | D:4      | Found a staircase to the Ecumenical Temple.
  3919 | Temple   | Entered the Ecumenical Temple
  3928 | Temple   | Became a worshipper of Warmaster Okawaru
  3994 | D:5      | Entered Level 5 of the Dungeon
  4199 | D:5      | Reached XP level 8. HP: 50/60 MP: 12/14
  4606 | D:5      | Noticed Ijyb
  4617 | D:5      | Killed Ijyb
  4711 | D:5      | Found Evuck's Vocational Training.
  5338 | D:6      | Reached * piety under Okawaru
  6025 | D:7      | Found a burning altar of Makhleb.
  6205 | D:7      | Found a broken altar of Ashenzari.
  6420 | D:7      | Noticed a slime creature
  6453 | D:7      | Found the +7 staff of the Meek {protect, meekguard}
  6498 | D:7      | Reached ** piety under Okawaru
  6499 | D:7      | Reached XP level 9. HP: 54/67 MP: 13/16
  6504 | D:7      | Learned a level 4 spell: Cause Fear
  6745 | D:7      | Reached skill level 5 in Spellcasting
  6883 | D:7      | Learned a level 3 spell: Inner Flame
  7164 | D:8      | Reached skill level 5 in Fighting
  7408 | D:8      | Noticed a boulder beetle
  7632 | D:8      | Found a transporter.
  7634 | D:8      | Found a transporter.
  7726 | D:8      | Noticed Erica
  7788 | D:8      | Identified an amulet of Kaqizxyr {Acrobat ^Contam Harm
                  | rElec rF-}
  8009 | D:8      | Reached *** piety under Okawaru
  8122 | D:8      | Reached skill level 5 in Invocations
  8335 | D:8      | Found a runed translucent gate.
  8335 | D:8      | Found a runed translucent gate.
  8335 | D:8      | Found a runed translucent gate.
  8335 | D:8      | Noticed alsoq's ghost (novice MiFi)
  8337 | D:8      | Found a basalt altar of Yredelemnul.
  8453 | D:8      | Noticed Jeremiah
  8686 | D:8      | Found an opulent altar of Gozag.
  8755 | D:8      | Killed Erica
  8755 | D:8      | Reached **** piety under Okawaru
  8756 | D:8      | Reached skill level 5 in Short Blades
  8756 | D:8      | Reached skill level 5 in Long Blades
  8756 | D:8      | Reached skill level 5 in Axes
  8756 | D:8      | Reached skill level 5 in Maces & Flails
  8756 | D:8      | Reached skill level 5 in Polearms
  8756 | D:8      | Reached skill level 5 in Staves
  8756 | D:8      | Reached skill level 5 in Throwing
  8756 | D:8      | Reached skill level 5 in Armour
  8756 | D:8      | Reached skill level 5 in Stealth
  8756 | D:8      | Reached skill level 5 in Shields
  8756 | D:8      | Reached skill level 5 in Unarmed Combat
  8756 | D:8      | Reached skill level 5 in Evocations
  8756 | D:8      | Reached XP level 10. HP: 60/76 MP: 11/18
  8808 | D:8      | Learned a level 3 spell: Swiftness
  9130 | D:9      | Reached ***** piety under Okawaru
  9140 | D:9      | Reached skill level 5 in Fire Magic
  9254 | D:9      | Found a staircase to the Orcish Mines.
  9599 | D:9      | Reached skill level 5 in Shapeshifting
  9807 | D:9      | Received a gift from Okawaru
 10037 | D:9      | Reached skill level 5 in Conjurations
 10037 | D:9      | Reached skill level 5 in Summonings
 10037 | D:9      | Reached skill level 5 in Necromancy
 10037 | D:9      | Reached skill level 5 in Translocations
 10037 | D:9      | Reached skill level 5 in Ice Magic
 10037 | D:9      | Reached skill level 5 in Air Magic
 10037 | D:9      | Reached skill level 5 in Earth Magic
 10037 | D:9      | Reached skill level 5 in Alchemy
 10037 | D:9      | Reached XP level 11. HP: 79/83 MP: 18/21
 10223 | D:9      | Found a staircase to the Lair.
 10487 | D:9      | Found an ornate altar of the Wu Jian Council.
 10641 | D:9      | Received a gift from Okawaru
 11748 | D:9      | Identified the +7 shadow dragon scales "Jicop" {rF+
                  | Stlth++++}
 12365 | D:9      | Noticed a skeletal warrior
 12400 | D:9      | Killed a skeletal warrior
 12400 | D:9      | Received a gift from Okawaru
 12540 | D:9      | Identified 2 scrolls of acquirement
 12540 | D:9      | Acquired 500 gold pieces
 12542 | D:9      | Acquired the +6 hand cannon of the Scuffed God {heavy, Fly
                  | rCorr Stlth+}
 12556 | D:9      | Reached XP level 12. HP: 91/91 MP: 23/23
 12715 | D:10     | Entered Level 10 of the Dungeon
 12897 | D:10     | Identified the +7 mace of Xoahif {freeze, Str+3}
 13262 | D:10     | Received a gift from Okawaru
 13262 | D:10     | Reached ****** piety under Okawaru
 13265 | D:10     | Acquired a +0 demon whip of venom
 13265 | D:10     | Received a gift from Okawaru
 13366 | Lair:1   | Entered Level 1 of the Lair of Beasts
 13703 | Lair:1   | Got the Vellum of the Zephyr
 14222 | Lair:2   | Identified the +0 robe of Icwiarur {Int+3 Dex-3}
 14461 | Lair:2   | Received a gift from Okawaru
 14676 | Lair:2   | Found a staircase to the Swamp.
 15657 | Lair:3   | Noticed a death yak
 15667 | Lair:3   | Killed a death yak
 15678 | Lair:3   | Received a gift from Okawaru
 15679 | Lair:3   | Reached XP level 13. HP: 89/99 MP: 20/25
 16170 | Lair:3   | Received a gift from Okawaru
 16188 | Lair:3   | Found a hole to the Spider Nest.
 16455 | Lair:3   | Received a gift from Okawaru
 17094 | Lair:3   | Reached skill level 10 in Ranged Weapons
 17094 | Lair:3   | Reached skill level 10 in Dodging
 17178 | Lair:3   | Identified the ring of Eternal Harmony {Fire Fly Dex+4}
 17181 | Lair:3   | Got Capluz's Secrets of Creeping Haze
 17459 | Lair:4   | Received a gift from Okawaru
 17492 | Lair:4   | You are sucked into a shaft and drop 1 floor!
 17492 | Lair:5   | Entered Level 5 of the Lair of Beasts
 17778 | Lair:4   | Noticed Kirke
 18195 | Lair:4   | Upgraded the game from 0.31-a0-1589-g8f5e8aebd6 to
                  | 0.31-a0-1611-g890cdf5628
 18419 | Lair:4   | Reached skill level 10 in Invocations
 18419 | Lair:4   | Reached XP level 14. HP: 71/108 MP: 27/27
 18825 | Lair:4   | Received a gift from Okawaru
 18843 | Lair:3   | Killed Kirke
 19230 | Lair:4   | Found a viscous altar of Jiyva.
 19300 | Lair:4   | Found a staircase to the Slime Pits.
 19556 | Lair:5   | Found a transporter.
 19567 | Lair:5   | Found a one-way gate to the infinite horrors of the Abyss.
 19567 | Lair:5   | Noticed lunkers's ghost (journeyman DjAl)
 19654 | Lair:5   | Received a gift from Okawaru
 19832 | Lair:5   | Reached skill level 10 in Spellcasting
 19982 | Lair:5   | Received a gift from Okawaru
 19983 | Lair:5   | Reached skill level 10 in Fighting
 20442 | Lair:5   | Noticed a dire elephant
 20459 | Lair:5   | Killed a dire elephant
 20577 | Lair:5   | Found a transporter.
 20966 | Lair:5   | Found a burning altar of Makhleb.
 20972 | Lair:5   | Found a gateway to Hell.
 21028 | Lair:5   | Received a gift from Okawaru
 21235 | D:11     | Noticed Snorg
 21243 | D:11     | Killed Snorg
 21244 | D:11     | Reached skill level 10 in Hexes
 21506 | D:11     | Identified the +8 war axe of Teasac {flame, rElec rC- rN+}
 22161 | D:12     | Reached skill level 10 in Short Blades
 22161 | D:12     | Reached skill level 10 in Long Blades
 22161 | D:12     | Reached skill level 10 in Axes
 22161 | D:12     | Reached skill level 10 in Maces & Flails
 22161 | D:12     | Reached skill level 10 in Polearms
 22161 | D:12     | Reached skill level 10 in Staves
 22161 | D:12     | Reached skill level 10 in Throwing
 22161 | D:12     | Reached skill level 10 in Armour
 22161 | D:12     | Reached skill level 10 in Stealth
 22161 | D:12     | Reached skill level 10 in Shields
 22161 | D:12     | Reached skill level 10 in Unarmed Combat
 22161 | D:12     | Reached skill level 10 in Evocations
 22376 | D:12     | Received a gift from Okawaru
 22377 | D:12     | Reached XP level 15. HP: 107/117 MP: 29/29
 23238 | D:13     | Received a gift from Okawaru
 23522 | D:14     | Found a gate to the Vaults.
 23671 | Orc:1    | Entered Level 1 of the Orcish Mines
 24329 | Orc:2    | Entered Level 2 of the Orcish Mines
 24371 | Orc:2    | Found a staircase to the Elven Halls.
 24706 | Orc:2    | Noticed an orc warlord
 24737 | Orc:2    | Killed an orc warlord
 24963 | Orc:2    | Received a gift from Okawaru
 25862 | Orc:2    | Found Evveig's Distillery.
 25867 | Orc:2    | Found Qopaut's Distillery.
 25871 | Orc:2    | Bought a potion of invisibility for 120 gold pieces
 25871 | Orc:2    | Bought a potion of heal wounds for 75 gold pieces
 25876 | Orc:2    | Bought a potion of heal wounds for 75 gold pieces
 25876 | Orc:2    | Found Aseletot's Assorted Antiques.
 25878 | Orc:2    | Found Imitzozo's Antique Weapon Shoppe.
 25884 | Orc:2    | Bought a pair of ancient boots for 285 gold pieces
 25884 | Orc:2    | Identified the +0 pair of boots of Qeiracu {rPois} (You
                  | bought it in a shop on level 2 of the Orcish Mines)
 25899 | Orc:2    | Bought a polished hand cannon for 289 gold pieces
 25899 | Orc:2    | Identified the +2 hand cannon of the Scavenger {heavy,
                  | rElec rC+ Int+4} (You bought it in a shop on level 2 of the
                  | Orcish Mines)
 26561 | D:14     | Received a gift from Okawaru
 27304 | D:15     | Entered Level 15 of the Dungeon
 27304 | D:15     | Noticed Louise
 27305 | Abyss:2  | Cast into level 2 of the Abyss (Louise)
 27334 | D:15     | Escaped the Abyss
 27348 | D:15     | Killed Louise
 27553 | D:15     | Noticed Rupert
 27569 | D:15     | Killed Rupert
 27588 | D:15     | Received a gift from Okawaru
 27778 | D:15     | Reached skill level 10 in Shapeshifting
 27818 | D:15     | Slain by a boulder beetle

Illustrated notes

Levels and vault maps discovered:
D:1:      wheals_arrival_shading, layout_loops_ring, roderic_roman_lattice
D:2:      layout_rooms, serial_shops, nicolae_shop_tiny_real_fake_doors
D:3:      layout_basic, lemuel_round_altar, shapermc_ecumenical_altar_ellora,
          serial_shops, shop
D:4:      wad_woods_tower, layout_basic, minmay_temple_entry_hall,
          enter_ossuary_4, serial_curves, eino_curves_01, eino_curves_02,
          uniq_duvessa
D:5:      layout_basic, nicolae_shop_vocational, uniq_ijyb
D:6:      layout_basic
D:7:      lemuel_slime, layout_basic, bloody_makhleb, evilmike_ruin_ashenzari
D:8:      gammafunk_boulding_lane, layout_layer_cave,
          nicolae_yredelemnul_ghost_church, lemuel_coloured_pillars_altar,
          uniq_erica, uniq_jeremiah
D:9:      bobbens_index_wilting_gardens, layout_loops_corners,
          nicolae_wu_jian_wuxing_cycle, minmay_lair_entry_grove
D:10:     layout_rooms, kennysheep_generic_room_7
D:11:     layout_roguey, uniq_snorg
D:12:     layout_roguey, serial_bayou_pond_b
D:13:     layout_rooms, fungi_pond_lemuel
D:14:     layout_roguey, hellmonk_vaults_attempted_burglary,
          chequers_serial_rivers_room_b
D:15:     hangedman_depths_entry_try_elsewhere_first, layout_loops_ring,
          chequers_serial_rivers_micro_a, gammafunk_ghost_crypt, uniq_agnes,
          uniq_rupert, uniq_louise
Temple:   nicolae_temple_superstar
Lair:1:   layout_regular_city, chequers_serial_rivers_micro_d,
          cheibrodos_lair_caveside_slide, serial_bayou_crossing
Lair:2:   layout_small_grid, minmay_swamp_entry_eels, minmay_holes
Lair:3:   nzn_winding_woodlands_cross [nzn_winding_woodlands_5x15_sidewinder,
          nzn_winding_woodlands_5x15_eye,
          nzn_winding_woodlands_5x15_split_checker,
          nzn_winding_woodlands_5x15_pool,
          nzn_winding_woodlands_15x15_boxy_spiral], layout_cave_pods,
          spider_nest_entry_webs, enter_volcano_4, serial_bayou_pond_e
Lair:4:   layout_small_grid, minmay_slime_entry_oklob_enclosed,
          grunt_megastairs_2, uniq_kirke
Lair:5:   evil_forest, layout_regular_city, gammafunk_ghost_abyssal_escape,
          nicolae_quartered_pool_impasse
Orc:1:    layout_caves
Orc:2:    st_orc_elflike, layout_caves, lightli_orcish_oven

Skill      XL: |  1  2  3  4  5  6  7  8  9 10 11 12 13 14 15 |
---------------+----------------------------------------------+-----
Fire Magic     | 2 3 4 5 6 7 8 9 |  9.4
Invocations    | 1 2 3 4 5 6 7 8 10 11 | 11.8
Short Blades   | 1 2 3 4 5 6 7 8 9 10 | 10.8
Long Blades    | 1 2 3 4 5 6 7 8 9 10 | 10.8
Axes           | 1 2 3 4 5 6 7 8 9 10 | 10.8
Maces & Flails | 1 2 3 4 5 6 7 8 9 10 | 10.8
Polearms       | 1 2 3 4 5 6 7 8 9 10 | 10.8
Staves         | 1 2 3 4 5 6 7 8 9 10 | 10.8
Throwing       | 1 2 3 4 5 6 7 8 9 10 | 10.8
Armour         | 1 2 3 4 5 6 7 8 9 10 | 10.8
Stealth        | 1 2 3 4 5 6 7 8 9 10 | 10.8
Shields        | 1 2 3 4 5 6 7 8 9 10 | 10.8
Unarmed Combat | 1 2 3 4 5 6 7 8 9 10 | 10.8
Evocations     | 1 2 3 4 5 6 7 8 9 10 | 10.8
Spellcasting   | 3 4 5 6 7 8 9 10 11 | 11.2
Shapeshifting  | 1 2 3 4 5 6 7 8 9 10 | 10.0
Conjurations   | 1 2 3 4 5 6 7 8 9 |  9.1
Summonings     | 1 2 3 4 5 6 7 8 9 |  9.1
Necromancy     | 1 2 3 4 5 6 7 8 9 |  9.1
Translocations | 1 2 3 4 5 6 7 8 9 |  9.1
Ice Magic      | 1 2 3 4 5 6 7 8 9 |  9.1
Air Magic      | 1 2 3 4 5 6 7 8 9 |  9.1
Earth Magic    | 1 2 3 4 5 6 7 8 9 |  9.1
Alchemy        | 1 2 3 4 5 6 7 8 9 |  9.1
Fighting       | 3 4 5 6 7 8 9 10 11 | 11.2
Ranged Weapons | 5 6 7 8 9 10 11 | 11.7
Dodging        | 5 6 7 8 9 10 11 | 11.7
Hexes          | 6 7 8 9 10 | 10.6

Action                     |  1- 3 |  4- 6 |  7- 9 | 10-12 | 13-15 || total
---------------------------+-------+-------+-------+-------+-------++-------
  Melee: Unarmed           |       |     5 |       |       |    22 ||    27
         Punch             |       |     1 |       |       |       ||     1
         Sling             |       |       |     2 |       |       ||     2
         Quarterstaff      |       |       |       |   180 |       ||   180
         Bite              |       |       |       |    27 |   159 ||   186
         Demon whip        |       |       |       |       |   705 ||   705
   Fire: Sling             |    94 |   305 |   510 |   394 |       ||  1303
         Orcbow            |       |       |       |    77 |       ||    77
         Hand cannon       |       |       |       |   167 |   509 ||   676
  Throw: Boomerang         |       |       |       |       |    34 ||    34
         Dart              |       |       |       |       |     3 ||     3
   Cast: Jinxbite          |     3 |     8 |    50 |    57 |       ||   118
         Sigil of Binding  |       |     1 |     2 |       |       ||     3
         Inner Flame       |       |       |     2 |     8 |     2 ||    12
         Cause Fear        |       |       |     1 |    10 |     5 ||    16
 Invoke: Heroism           |       |       |       |     5 |     6 ||    11
         Finesse           |       |       |       |     1 |     1 ||     2
         Receive Weapon    |       |       |       |     1 |       ||     1
  Evoke: Wand              |       |       |       |       |     1 ||     1
    Use: Scroll            |       |     7 |     6 |    12 |     9 ||    34
         Potion            |       |     1 |     1 |       |     3 ||     5
   Stab: Sleeping          |       |       |       |     2 |       ||     2
         Distracted        |       |       |       |     1 |       ||     1
 Armour: Robe              |    20 |    91 |   181 |       |       ||   292
         Skin              |       |     5 |       |       |     6 ||    11
         Steam dragon scal |       |       |    37 |   304 |       ||   341
         Shadow dragon sca |       |       |       |   490 |   998 ||  1488
  Dodge: Dodged            |    32 |   115 |   262 |   609 |   486 ||  1504

Table legend: (Time is in decaauts)
 A = Elapsed time spent in this place.
 B = Non-inter-level travel time spent in this place.
 C = Inter-level travel time spent in this place.
 D = Time resting spent in this place.
 E = Time spent auto-exploring this place.
 F = Levels seen in this place.
 G = Mean time per level.
                   A        B        C        D        E       F      G
               +--------+--------+--------+--------+--------+-----+--------+
         Total |  28544 |  27257 |   1287 |   8277 |  12414 |  25 | 1141.8 |
       Dungeon |  17136 |  16136 |   1000 |   4562 |   7694 |  15 | 1142.4 |
        Temple |     18 |     18 |      0 |      0 |      0 |   1 |   18.0 |
          Lair |   8218 |   8017 |    201 |   2440 |   3835 |   5 | 1643.6 |
  Orcish Mines |   2469 |   2383 |     86 |   1011 |    885 |   2 | 1234.5 |
         Abyss |     28 |     28 |      0 |      0 |      0 |   1 |   28.0 |
       Ossuary |    672 |    672 |      0 |    264 |      0 |   1 |  672.0 |
               +--------+--------+--------+--------+--------+-----+--------+

Top non-repeatable levels by time:
     D:9: 4124 daAuts
  Lair:4: 2160 daAuts
  Lair:3: 2012 daAuts
     D:8: 1881 daAuts
   Orc:2: 1746 daAuts
  Lair:5: 1600 daAuts
  Lair:2: 1536 daAuts
     D:7: 1326 daAuts
     D:4: 1125 daAuts
     D:5: 1056 daAuts
    D:11: 994 daAuts
  Lair:1: 908 daAuts
    D:14: 896 daAuts
     D:6: 890 daAuts
    D:12: 849 daAuts
